 Dungeon Crawl Stone Soup version 0.30-b1-2-g02819fbbbe (webtiles) character file.

Game seed: 11265238520677204585

319 Metae the Shield-Bearer (level 6, -3/55 HPs)
             Began as a Minotaur Fighter on July 6, 2023.
             Splashed by a jelly's acid (5 damage)
             ... on level 4 of the Dungeon.
             The game lasted 00:06:04 (2250 turns).

Metae the Shield-Bearer (Minotaur Fighter)          Turns: 2250, Time: 00:06:04

Health: -3/55      AC:  8    Str: 23    XL:     6   Next: 21%
Magic:  5/5        EV: 10    Int:  5    God:
Gold:   113        SH:  4    Dex:  9    Spells: 5/5 levels left

rFire   . . .        o - +0 war axe (drain)
rCold   . . .        c - +0 buckler
rNeg    . . .        b - +0 scale mail
rPois   .            (helmet restricted)
rElec   .            (no cloak)
rCorr   .            f - +0 pair of gloves
SInv    .            (no boots)
Will    .....        (no amulet) Stlth
                     (no ring)
HPRegen 0.29/turn    (no ring)
MPRegen 0.09/turn

%: no passive effects
@: mighty
A: horns 2, retaliatory headbutt
a: no special abilities


You were on level 4 of the Dungeon.
You visited 1 branch of the dungeon, and saw 4 of its levels.

You collected 113 gold pieces.

Inventory:

Hand Weapons
 a - a +0 war axe
 o - a +0 war axe of draining (weapon)
Missiles
 j - 13 poisoned darts (quivered)
 q - 6 atropa-tipped darts
Armour
 b - a +0 scale mail (worn)
 c - a +0 buckler (worn)
 f - a +0 pair of gloves (worn)
Wands
 n - a wand of roots (6)
 r - a wand of polymorph (12)
Scrolls
 e - 3 scrolls of identify {unknown}
 g - a scroll of amnesia {unknown}
 i - a scroll of magic mapping {unknown}
 k - a scroll of summoning {unknown}
 s - a scroll of blinking {unknown}
 t - a scroll of noise {unknown}
Potions
 d - 3 potions of might
 h - 2 potions of flight {unknown}
 l - a potion of haste {unknown}
 m - a potion of attraction {unknown}
 p - a potion of heal wounds {unknown}


   Skills:
 + Level 4.9 Fighting
 + Level 4.1 Axes
 + Level 4.9 Armour
 + Level 2.8 Dodging
 + Level 5.0 Shields


You had 5 spell levels left.
You didn't know any spells.
Your spell library contained the following spells:

 Spells                   Type           Power      Damage    Failure   Level
 Apportation              Tloc           0%         N/A       83%         1
 Beastly Appendage        Tmut           0%         N/A       83%         1
 Freeze                   Ice            0%         1d3       83%         1
 Necrotise                Necr           0%         1d4       83%         1
 Summon Small Mammal      Summ           0%         N/A       83%         1
 Wereblood                Tmut           0%         N/A       93%         2
 Frozen Ramparts          Ice            0%         1d1       99%         3
 Hailstorm                Conj/Ice       0%         3d3       99%         3
 Spider Form              Tmut/Pois      0%         N/A       99%         3


Dungeon Overview and Level Annotations

Branches:
Dungeon (4/15)
 Temple: D:4-7

Altars:

Shops:
D:1 (


Innate Abilities, Weirdness & Mutations

You have a pair of horns on your head.
You reflexively headbutt those who attack you in melee.


Message History

You slash the iguana!
You kill the iguana!
Your Shields skill increases to level 5!
No target in view!
You see here a ball python corpse.
Found a chain mail.
An adder comes into view.
The adder hisses angrily.
You see here a scroll labelled PECVUXOBERO.
You barely miss the adder. The adder barely misses you.
You furiously retaliate!
You headbutt the adder! The adder closely misses you. You furiously retaliate!
You headbutt the adder.
You kill the adder!
t - a scroll labelled PECVUXOBERO A two-headed ogre comes into view.
It is wielding two +0 giant clubs.
The two-headed ogre shouts in stereo!
You slash the two-headed ogre! You drain the two-headed ogre.
The two-headed ogre is heavily wounded.
A jelly comes into view.
The two-headed ogre hits you with a +0 giant club! x2
You hit the two-headed ogre.
The two-headed ogre is heavily wounded.
The two-headed ogre hits you with a +0 giant club!!
* * * LOW HITPOINT WARNING * * *
The two-headed ogre barely misses you.
Sorry, you're not good enough to have a special ability.
You feel very mighty all of a sudden.
You slash the two-headed ogre!
The two-headed ogre is severely wounded.
The two-headed ogre completely misses you.
You furiously retaliate!
You headbutt the two-headed ogre!
The two-headed ogre hits you with a +0 giant club!
* * * LOW HITPOINT WARNING * * *
Okay, then.
Okay, then.
You hit the two-headed ogre.
Your headbutt misses the two-headed ogre.
The two-headed ogre is almost dead.
You slash the jelly!
Your hands burn!
You die...

### ... .. ...#..# #.#
#.....# #..###.....#
#.....#... ##
##......###...#
#..........##......
#....J..##........ #
#....@O.###...... ..
##..[..###..# #.####.#
#.......#..####.......
#.......#..........#..
#.............>......#
##................<..#
##...........†......#
###.........>.......
#...........>.....


You could see a two-headed ogre (drained) and a jelly.

Vanquished Creatures
  A scorpion (D:3)
  A hound (D:4)
  An orc priest (D:3)
  Ijyb (D:3)
  An iguana (D:4)
  Natasha (D:3)
  5 adders
  A worm (D:2)
  7 orcs (D:3)
  5 endoplasms
  2 giant cockroaches
  4 goblins (D:1)
  3 hobgoblins
  3 jackals (D:1)
  9 kobolds
  2 quokkas (D:1)
  7 ball pythons
  4 bats (D:2)
  8 frilled lizards
  10 rats
76 creatures vanquished.

Notes
Turn   | Place    | Note
-------+----------+-------------------------------------------
     0 | D:1      | Metae the Minotaur Fighter began the quest for the Orb.
     0 | D:1      | Reached XP level 1. HP: 19/19 MP: 0/0
   102 | D:1      | Reached XP level 2. HP: 24/27 MP: 1/1
   117 | D:1      | Found Rateh's Weapon Boutique.
   331 | D:1      | Reached skill level 1 in Dodging
   508 | D:1      | Reached XP level 3. HP: 33/33 MP: 2/2
   686 | D:2      | Reached skill level 4 in Shields
  1085 | D:2      | Reached XP level 4. HP: 40/40 MP: 3/3
  1383 | D:3      | Noticed Ijyb
  1393 | D:3      | Noticed a scorpion
  1396 | D:3      | Killed Ijyb
  1398 | D:3      | Killed a scorpion
  1399 | D:3      | Reached XP level 5. HP: 21/47 MP: 4/4
  1967 | D:3      | Noticed Natasha
  1970 | D:3      | Killed Natasha
  2214 | D:4      | Reached XP level 6. HP: 39/55 MP: 5/5
  2218 | D:4      | Reached skill level 5 in Shields
  2241 | D:4      | Noticed a two-headed ogre
  2247 | D:4      | HP: 2/55 [two-headed ogre/+0 giant club (7)]
  2250 | D:4      | Splashed by a jelly's acid

Illustrated notes

Levels and vault maps discovered:
D:1:      minmay_arrival_cross, layout_basic, serial_shops,
          nicolae_shop_bloodbath_and_beyond, minmay_misc_feat_cross
D:2:      layout_basic
D:3:      layout_basic, uniq_natasha, uniq_ijyb
D:4:      layout_rooms, makhleb_blood_cavern_becter, ebering_ghost_sewer_f

Skill      XL: |  1  2  3  4  5  6 |
---------------+-------------------+-----
Dodging        | 1 2 |  2.8
Fighting       | 4 |  4.9
Shields        | 4 5 |  5.0
Armour         | 4 |  4.9
Axes           | 3 4 |  4.1

Action                     |  1- 3 |  4- 6 || total
---------------------------+-------+-------++-------
  Melee: War axe           |    91 |    60 ||   151
         Headbutt          |     5 |    13 ||    18
    Use: Potion            |       |     1 ||     1
 Armour: Scale mail        |    50 |    27 ||    77
  Dodge: Dodged            |    48 |    31 ||    79
  Block: Buckler           |    18 |    17 ||    35
